 Dungeon Crawl Stone Soup version 0.29-a0-617-g7a6b98fccd (webtiles) character file.

Game seed: 5847784596882217244

277 DocClef the Skirmisher (level 6, -2/56 HPs)
             Began as a Draconian Transmuter on June 17, 2022.
             Slain by a gnoll shaman
             ... wielding a +0 whip
              (5 damage)
             ... on level 4 of the Dungeon.
             The game lasted 00:05:43 (4409 turns).

DocClef the Skirmisher (Draconian Transmuter)       Turns: 4409, Time: 00:05:44

Health: -2/56      AC:  6    Str: 14    XL:     6   Next: 4%
Magic:  9/9        EV: 12    Int: 20    God:
Gold:   191        SH:  0    Dex: 11    Spells: 8/9 levels left

rFire   . . .      SeeInvis .     - Unarmed
rCold   . . .      Faith    .   (no shield)
rNeg    . . .      Spirit   .   (body armour unavailable)
rPois   .          Reflect  .   (helmet currently unavailable)
rElec   .          Harm     .   (no cloak)
rCorr   .          Rampage  .   (no gloves)
Will    .....                   (boots currently unavailable)
Stlth   +.........              (no amulet)
HPRegen 0.18/turn               h - +6 ring of intelligence
MPRegen 0.11/turn               (no ring)

@: about to teleport, appendages
A: horns 2, talons 2, AC +6, unfitting armour, cold-blooded
a: End Transformation


You were on level 4 of the Dungeon.
You had temporarily grown beastly horns and talons.
You visited 1 branch of the dungeon, and saw 4 of its levels.

You collected 191 gold pieces.

Inventory:

Jewellery
 c - an amulet of faith
 h - a +6 ring of intelligence (left hand)
 o - a +6 ring of strength
Wands
 m - a wand of polymorph (2)
Scrolls
 d - 3 scrolls of teleportation
 f - 2 scrolls of summoning {unknown}
 n - 2 scrolls of vulnerability {unknown}
 p - 2 scrolls of noise {unknown}
 q - 2 scrolls of identify {unknown}
 r - 2 scrolls of torment {unknown}
 s - a scroll of amnesia {unknown}
 t - a scroll of poison {unknown}
 u - a scroll of enchant armour {unknown}
Potions
 a - a potion of lignification
 b - a potion of mutation {unknown}
 e - a potion of curing {unknown}
 g - 2 potions of berserk rage {unknown}
 i - 5 potions of attraction {unknown}
 j - a potion of magic {unknown}
 k - a potion of might {unknown}
 l - 2 potions of flight {unknown}


   Skills:
 - Level 5.3 Fighting
 - Level 1.7 Dodging
 - Level 3.0 Unarmed Combat
 + Level 2.1 Spellcasting
 - Level 4.1 Transmutations


You had 8 spell levels left.
You knew the following spells:

 Your Spells              Type           Power      Damage    Failure   Level
a - Beastly Appendage     Tmut           36%        N/A       3%          1

Your spell library contained the following spells:

 Spells                   Type           Power      Damage    Failure   Level
 Wereblood                Tmut           18%        N/A       4%          2
 Slow                     Hex            8%         N/A       16%         1
 Spider Form              Tmut/Pois      10%        N/A       21%         3
 Poisonous Vapours        Pois/Air       4%         N/A       24%         2
 Confusing Touch          Hex            2%         N/A       43%         3
 Vampiric Draining        Necr           2%         2d6       43%         3
 Ice Form                 Ice/Tmut       10%        N/A       56%         4
 Corpse Rot               Necr/Pois/Air  2%         N/A       83%         4


Dungeon Overview and Level Annotations

Branches:
Dungeon (4/15)
 Temple: D:4-7

Altars:
Okawaru

Annotations:
D:2 1 runed translucent door, Crazy Yiuf


Innate Abilities, Weirdness & Mutations

You have temporarily grown beastly horns and talons.
Your plain brown scales are hard. (AC +6)
You cannot fit into any form of body armour.
You are cold-blooded and may be slowed by cold attacks.


Message History

Confirm with . or Enter, or press ? or * to list all spells.
You grow a pair of large bovine horns.
Your feet morph into talons.
You barely miss the gnoll. Your headbutt misses the gnoll.
Your tail-slap misses the gnoll.
The gnoll closely misses you.
You hit the gnoll but do no damage. You claw the gnoll, but do no damage.
The gnoll hits you with a +0 whip. The hobgoblin completely misses you.
You closely miss the gnoll. Your kick misses the gnoll.
The gnoll hits you with a +0 whip. The hobgoblin hits you.
You barely miss the gnoll. Your kick misses the gnoll.
Your headbutt misses the gnoll. The gnoll hits you but does no damage.
The hobgoblin barely misses you.
You hit the gnoll shaman. Your kick misses the gnoll shaman.
You headbutt the gnoll shaman, but do no damage.
The gnoll shaman is lightly wounded.
The gnoll hits you but does no damage.
The gnoll shaman hits you with a +0 whip.
The hobgoblin barely misses you.
You barely miss the gnoll shaman.
Your tail-slap misses the gnoll shaman.
The gnoll shaman is lightly wounded.
The gnoll hits you with a +0 whip.
The gnoll shaman invokes the aid of its god against you.
You resist with some effort.
The hobgoblin hits you but does no damage.
You barely miss the gnoll shaman. You tail-slap the gnoll shaman.
The gnoll shaman is lightly wounded.
The gnoll hits you from afar with a +0 halberd.
The gnoll hits you with a +0 whip.
The gnoll shaman calls upon its god to speed up the gnoll.
The gnoll seems to speed up.
The hobgoblin hits you but does no damage.
As you read the scroll labelled ZIGIAVVUYTOL, it crumbles to dust.
You feel strangely unstable.
It was a scroll of teleportation.
The gnoll hits you from afar with a +0 halberd!
The gnoll shaman hits you with a +0 whip!
* * * LOW HITPOINT WARNING * * *
The hobgoblin closely misses you. The gnoll hits you with a +0 whip.
* * * LOW HITPOINT WARNING * * *
The gnoll shaman attacks as you move away!
The gnoll shaman hits you with a +0 whip.
You die...

....#####....### ...##..........#
..))...........##
...#[...........#
...##...........#
...........<..##### ###
.#..........##..##.## #.######
...............g##..###.##.#.##
..#......#...#.g@...##...#....##
..#......##...g##g.............##
..#......###..#..#..............#
..##....## ##.#g...............##
#.....# ##.................###
.......#.#..>.g##.##......###
.....#.#..........#....####
..........#........#
#........รท.####..###


You could see a gnoll shaman, 2 gnolls and a hobgoblin.

Vanquished Creatures
  A hound (D:4)
  An iguana (D:4)
  Natasha (thrice) (D:2)
  Robin (D:4)
  2 adders (D:3)
  A gnoll (D:3)
  2 worms
  4 dart slugs
  2 orcs
  3 bats
  7 endoplasms
  3 giant cockroaches
  17 goblins
  7 hobgoblins
  13 jackals
  9 ball pythons
  4 frilled lizards
  5 kobolds
  5 rats
90 creatures vanquished.

Notes
Turn   | Place    | Note
-------+----------+-------------------------------------------
     0 | D:1      | DocClef the Draconian Transmuter began the quest for the
                  | Orb.
     0 | D:1      | Reached XP level 1. HP: 16/16 MP: 3/3
    52 | D:1      | Reached skill level 2 in Fighting
   358 | D:1      | Reached XP level 2. HP: 25/25 MP: 5/5
   623 | D:1      | Reached skill level 3 in Fighting
   766 | D:1      | Reached XP level 3. HP: 14/31 MP: 6/6
  1520 | D:2      | Reached skill level 4 in Fighting
  1674 | D:2      | Noticed Natasha
  1686 | D:2      | Killed Natasha
  1687 | D:2      | Reached XP level 4. HP: 28/41 MP: 7/7
  1766 | D:2      | Noticed Natasha
  1776 | D:2      | Killed Natasha
  1813 | D:2      | Noticed Natasha
  1825 | D:2      | Killed Natasha
  1826 | D:2      | Reached skill level 5 in Fighting
  2140 | D:2      | Found a runed translucent door.
  2141 | D:2      | Noticed Crazy Yiuf
  2289 | D:3      | Found an iron altar of Okawaru.
  2301 | D:3      | Reached XP level 5. HP: 48/48 MP: 8/8
  2708 | D:3      | Identified the +3 long sword of the Flying Wolf {protect,
                  | rPois rC- Str+3 Dex+3}
  2979 | D:3      | Found a faded altar of an unknown god.
  3023 | D:3      | Identified the +5 spear of Bellozi {distort, rPois}
  3131 | D:4      | Noticed Robin
  3519 | D:4      | Killed Robin
  3955 | D:4      | Reached XP level 6. HP: 35/56 MP: 9/9
  4409 | D:4      | Slain by a gnoll shaman

Illustrated notes

Levels and vault maps discovered:
D:1:      tarquinn_simple_flora_water_c, layout_rooms
D:2:      layout_rooms, corner_web_ring, minmay_fountain_box, uniq_natasha,
          uniq_crazy_yiuf_cottage
D:3:      layout_basic, okawaru_trees_2,
          hellmonk_ecumenical_altar_inner_sanctum, minmay_surrounded
D:4:      layout_cave_pools, mainiacjoe_overflow_cross_hatched,
          dk_rats_in_the_wall, uniq_robin, uniq_sigmund

Skill      XL: |  1  2  3  4  5 |
---------------+----------------+-----
Fighting       | 2 3 4 5 |  5.3
Transmutations | 4 |  4.1
Dodging        | |  1.7
Unarmed Combat | |  3.0
Spellcasting   | |  2.1

Action                   |  1- 3 |  4- 6 || total
-------------------------+-------+-------++-------
Melee: Unarmed           |   199 |   170 ||   369
       Punch             |     2 |     3 ||     5
       Tailslap          |    13 |    28 ||    41
       Kick              |     5 |    13 ||    18
       Headbutt          |     4 |     6 ||    10
 Cast: Beastly Appendage |     2 |     6 ||     8
  Use: Scroll            |       |     1 ||     1
 Stab: Sleeping          |       |     1 ||     1
Armor: Skin              |    84 |    56 ||   140
Dodge: Dodged            |   150 |   117 ||   267

Table legend: (Time is in decaauts)
 A = Elapsed time spent in this place.
 B = Non-inter-level travel time spent in this place.
 C = Inter-level travel time spent in this place.
 D = Time resting spent in this place.
 E = Time spent auto-exploring this place.
 F = Levels seen in this place.
 G = Mean time per level.
                   A        B        C        D        E       F      G
               +--------+--------+--------+--------+--------+-----+--------+
         Total |   4424 |   4141 |    283 |   1026 |   2406 |   4 | 1106.0 |
       Dungeon |   4424 |   4141 |    283 |   1026 |   2406 |   4 | 1106.0 |
               +--------+--------+--------+--------+--------+-----+--------+

Top non-repeatable levels by time:
     D:3: 1462 daAuts
     D:1: 1219 daAuts
     D:2: 1071 daAuts
     D:4: 670 daAuts
